TOP OF THE 1ST |
Cincinnati Pride batting - Pitching for Barry's Bay Orioles : RHP José García
|
Pitching: RHP José García
|
|
Batting: SHB Jaime Martínez
|
0-0: Ball 1-0: Ground out 4-3 (Groundball, 4S)
|
Batting: RHB Jorge Silva
|
0-0: Called Strike 0-1: Foul Ball, location: 2F 0-2: Ball 1-2: Ground out 6-3 (Groundball, 6)
|
Batting: LHB John Clark
|
0-0: Ball 1-0: Called Strike 1-1: Foul Ball, location: 2F 1-2: Strikes out swinging
|
Top of the 1st over - 0 run(s), 0 hit(s), 0 error(s), 0 left on base; Cincinnati 0 - Barry's Bay 0 |
BOTTOM OF THE 1ST |
Barry's Bay Orioles batting - Pitching for Cincinnati Pride : RHP Roberto Cordero
|
Pitching: RHP Roberto Cordero
|
|
Batting: RHB Pablo Hernández
|
0-0: Bunt for hit - play at first, batter safe!
|
Batting: RHB Guy Morrison
|
0-0: Ball 1-0: Grounds into double play, 1-6-3 (Groundball, 13S)
|
Batting: LHB Manuel Pérez
|
0-0: Called Strike 0-1: Swinging Strike 0-2: Ball 1-2: Ground out 6-3 (Groundball, 56)
|
Bottom of the 1st over - 0 run(s), 1 hit(s), 0 error(s), 0 left on base; Cincinnati 0 - Barry's Bay 0 |
TOP OF THE 2ND |
Cincinnati Pride batting - Pitching for Barry's Bay Orioles : RHP José García
|
Batting: LHB Gabriel Aragón
|
0-0: Called Strike 0-1: Swinging Strike 0-2: Ball 1-2: Ball 2-2: SINGLE (Groundball, 56D)
|
Batting: RHB José Antonio Delgado
|
0-0: Ball 1-0: Called Strike 1-1: Foul Ball, location: 2F 1-2: SINGLE (Groundball, 56D) Gabriel Aragón to second
|
Batting: RHB Francis Land
|
0-0: Ball 1-0: Ball 2-0: Grounds into double play, 6-4-3 (Groundball, 6) Gabriel Aragón to third
|
Batting: SHB Jorge Maldonado
|
0-0: Called Strike 0-1: Ball 1-1: Ball 2-1: Foul Ball, location: 2F 2-2: SINGLE (Line Drive, 78S) Gabriel Aragón scores
|
Batting: RHB Gary Miller
|
0-0: Foul Ball, location: 2F 0-1: Ball 1-1: Called Strike 1-2: Foul Ball, location: 2F 1-2: Foul Ball, location: 2F 1-2: Strikes out looking
|
Top of the 2nd over - 1 run(s), 3 hit(s), 0 error(s), 1 left on base; Cincinnati 1 - Barry's Bay 0 |
BOTTOM OF THE 2ND |
Barry's Bay Orioles batting - Pitching for Cincinnati Pride : RHP Roberto Cordero
|
Batting: LHB Ryan Rheaume
|
0-0: Foul Ball, location: 2F 0-1: Fly out, F8 (Flyball, 8RS)
|
Batting: RHB Tomás Díaz
|
0-0: Called Strike 0-1: Foul Ball, location: 2F 0-2: Ball 1-2: Strikes out looking
|
Batting: RHB Jason Ward
|
0-0: Ground out 6-3 (Groundball, 56)
|
Bottom of the 2nd over - 0 run(s), 0 hit(s), 0 error(s), 0 left on base; Cincinnati 1 - Barry's Bay 0 |
TOP OF THE 3RD |
Cincinnati Pride batting - Pitching for Barry's Bay Orioles : RHP José García
|
Batting: RHB Burkhard Bittinger
|
0-0: DOUBLE (Line Drive, 7)
|
Batting: SHB Jaime Martínez
|
0-0: Called Strike 0-1: Swinging Strike 0-2: Ball 1-2: Ball 2-2: Foul Ball, location: 2F 2-2: Foul Ball, location: 2F 2-2: Ball 3-2: Strikes out swinging
|
Batting: RHB Jorge Silva
|
0-0: Ball 1-0: Ball 2-0: Ground out 6-3 (Groundball, 6) Burkhard Bittinger to third
|
Batting: LHB John Clark
|
0-0: Called Strike 0-1: Ball 1-1: Called Strike 1-2: Foul Ball, location: 2F 1-2: Ball 2-2: Ball 3-2: Foul Ball, location: 2F 3-2: Foul Ball, location: 2F 3-2: Ground out 5-3 (Groundball, 5L)
|
Top of the 3rd over - 0 run(s), 1 hit(s), 0 error(s), 1 left on base; Cincinnati 1 - Barry's Bay 0 |
BOTTOM OF THE 3RD |
Barry's Bay Orioles batting - Pitching for Cincinnati Pride : RHP Roberto Cordero
|
Batting: RHB Jake Erickson
|
0-0: SINGLE (Flyball, 78M)
|
Batting: RHB Bill Pike
|
0-0: Ball 1-0: Ball 2-0: Ground out 6-3 (Groundball, 6S) Jake Erickson to second
|
Batting: RHB Santiago Rivera
|
0-0: Foul Ball, location: 2F 0-1: Fly out, F8 (Flyball, 8LM)
|
Batting: RHB Pablo Hernández
|
0-0: Foul Ball, location: 2F 0-1: Ball 1-1: Ball 2-1: Swinging Strike 2-2: Foul Ball, location: 2F 2-2: Strikes out swinging
|
Bottom of the 3rd over - 0 run(s), 1 hit(s), 0 error(s), 1 left on base; Cincinnati 1 - Barry's Bay 0 |
TOP OF THE 4TH |
Cincinnati Pride batting - Pitching for Barry's Bay Orioles : RHP José García
|
Batting: LHB Gabriel Aragón
|
0-0: Ball 1-0: Called Strike 1-1: Foul Ball, location: 2F 1-2: Ball 2-2: Ball 3-2: Fly out, F8 (Flyball, 8LM)
|
Batting: RHB José Antonio Delgado
|
0-0: Swinging Strike 0-1: Ground out 6-3 (Groundball, 6)
|
Batting: RHB Francis Land
|
0-0: Called Strike 0-1: Ball 1-1: Ball 2-1: Foul Ball, location: 2F 2-2: Ground out 4-3 (Groundball, 4)
|
Top of the 4th over - 0 run(s), 0 hit(s), 0 error(s), 0 left on base; Cincinnati 1 - Barry's Bay 0 |
BOTTOM OF THE 4TH |
Barry's Bay Orioles batting - Pitching for Cincinnati Pride : RHP Roberto Cordero
|
Batting: RHB Guy Morrison
|
0-0: Ball 1-0: Foul Ball, location: 2F 1-1: Ground out 5-3 (Groundball, 56)
|
Batting: LHB Manuel Pérez
|
0-0: Ball 1-0: Ball 2-0: Swinging Strike 2-1: Ball 3-1: Called Strike 3-2: Base on Balls
|
Batting: LHB Ryan Rheaume
|
0-0: Ball 1-0: Called Strike 1-1: Ball 2-1: Foul Ball, location: 2F 2-2: Ball 3-2: Strikes out swinging
|
Batting: RHB Tomás Díaz
|
0-0: Fielders Choice at 2nd, 6-4 (Groundball, 6)
|
Bottom of the 4th over - 0 run(s), 0 hit(s), 0 error(s), 0 left on base; Cincinnati 1 - Barry's Bay 0 |
TOP OF THE 5TH |
Cincinnati Pride batting - Pitching for Barry's Bay Orioles : RHP José García
|
Now in RF: Jesús Castillo
|
|
Batting: SHB Jorge Maldonado
|
0-0: Called Strike 0-1: Swinging Strike 0-2: Ball 1-2: Strikes out swinging
|
Batting: RHB Gary Miller
|
0-0: Ball 1-0: Swinging Strike 1-1: Ball 2-1: SINGLE (Flyball, 8LS)
|
Batting: RHB Burkhard Bittinger
|
0-0: Foul Ball, location: 2F 0-1: Ball 1-1: Reached on error, E6 (Groundball, 6M) Gary Miller to second
|
Batting: SHB Jaime Martínez
|
0-0: Ball 1-0: Ball 2-0: Swinging Strike 2-1: Foul Ball, location: 2F 2-2: SINGLE (Line Drive, 6D) Gary Miller to third Burkhard Bittinger to second Runner from 3rd tries for Home, throw and OUT! Burkhard Bittinger to third Jaime Martínez to second
|
Batting: RHB Jorge Silva
|
0-0: Ball 1-0: Called Strike 1-1: Ground out 5-3 (Groundball, 56S)
|
Top of the 5th over - 0 run(s), 2 hit(s), 1 error(s), 2 left on base; Cincinnati 1 - Barry's Bay 0 |
BOTTOM OF THE 5TH |
Barry's Bay Orioles batting - Pitching for Cincinnati Pride : RHP Roberto Cordero
|
Batting: RHB Jason Ward
|
0-0: SINGLE (Flyball, 8LS)
|
Batting: RHB Jake Erickson
|
0-0: Ball Jason Ward is caught stealing 2nd base 1-0: Fly out, F7 (Flyball, 78M)
|
Batting: RHB Bill Pike
|
0-0: Swinging Strike 0-1: Foul Ball, location: 2F 0-2: Strikes out swinging, 2-3 out at first.
|
Bottom of the 5th over - 0 run(s), 1 hit(s), 0 error(s), 0 left on base; Cincinnati 1 - Barry's Bay 0 |
TOP OF THE 6TH |
Cincinnati Pride batting - Pitching for Barry's Bay Orioles : RHP José García
|
Pitching: LHP Ben Turner
|
|
Batting: LHB John Clark
|
0-0: Swinging Strike 0-1: Ball 1-1: Ball 2-1: Foul Ball, location: 2F 2-2: SINGLE (Groundball, 6MD)
|
Batting: LHB Gabriel Aragón
|
0-0: SINGLE (Groundball, 4D) John Clark to second
|
Batting: RHB José Antonio Delgado
|
0-0: Called Strike 0-1: Called Strike 0-2: Hit by Pitch John Clark to third Gabriel Aragón to second
|
Batting: RHB Francis Land
|
0-0: Swinging Strike 0-1: Foul Ball, location: 2F 0-2: Ball 1-2: Ball 2-2: Foul Ball, location: 2F 2-2: Strikes out looking
|
Batting: SHB Jorge Maldonado
|
0-0: Ball 1-0: SINGLE (Line Drive, 4MD) John Clark scores Gabriel Aragón to third José Antonio Delgado to second Runner from 3rd tries for Home, SAFE, throw made home José Antonio Delgado to third Jorge Maldonado to second
|
Pitching: LHP Mario García
|
|
Batting: RHB Gary Miller
|
0-0: Called Strike 0-1: Ball 1-1: Ball 2-1: SINGLE (Line Drive, 56D) José Antonio Delgado scores Jorge Maldonado to third
|
Batting: RHB Burkhard Bittinger
|
0-0: Swinging Strike 0-1: Ball 1-1: Ball 2-1: Ball 3-1: Foul Ball, location: 2F 3-2: Base on Balls Gary Miller to second
|
Batting: SHB Jaime Martínez
|
0-0: Called Strike 0-1: Grounds into fielders choice 1-2 (Groundball, P) Gary Miller to third Burkhard Bittinger to second
|
Batting: RHB Jorge Silva
|
0-0: Ball 1-0: Ground out 5-3 (Groundball, 56)
|
Top of the 6th over - 3 run(s), 4 hit(s), 0 error(s), 3 left on base; Cincinnati 4 - Barry's Bay 0 |
BOTTOM OF THE 6TH |
Barry's Bay Orioles batting - Pitching for Cincinnati Pride : RHP Roberto Cordero
|
Batting: RHB Santiago Rivera
|
0-0: Called Strike 0-1: Swinging Strike 0-2: Ball 1-2: Ground out 4-3 (Groundball, 4)
|
Batting: RHB Jesús Castillo
|
0-0: Called Strike 0-1: Foul Ball, location: 2F 0-2: Foul Ball, location: 2F 0-2: Foul Ball, location: 2F 0-2: SINGLE (Groundball, 6MD)
|
Batting: RHB Guy Morrison
|
0-0: Ball 1-0: Foul Ball, location: 2F 1-1: Ball 2-1: Ball 3-1: Foul Ball, location: 2F 3-2: Base on Balls Jesús Castillo to second
|
Batting: LHB Manuel Pérez
|
0-0: Called Strike 0-1: Foul Ball, location: 2F 0-2: Ball 1-2: Reached on error, E4 (Groundball, 34) Jesús Castillo to third Guy Morrison to second
|
Batting: LHB Ryan Rheaume
|
0-0: Called Strike 0-1: Foul Ball, location: 2F 0-2: Strikes out swinging
|
Batting: RHB Tomás Díaz
|
0-0: Called Strike 0-1: Ball 1-1: Ball 2-1: Called Strike 2-2: Foul Ball, location: 2F 2-2: Ball 3-2: Fly out, F8 (Flyball, 8LD)
|
Bottom of the 6th over - 0 run(s), 1 hit(s), 1 error(s), 3 left on base; Cincinnati 4 - Barry's Bay 0 |
TOP OF THE 7TH |
Cincinnati Pride batting - Pitching for Barry's Bay Orioles : LHP Mario García
|
Batting: LHB John Clark
|
0-0: Called Strike 0-1: Ball 1-1: SINGLE (Groundball, 6D)
|
Batting: LHB Gabriel Aragón
|
0-0: Ball 1-0: Called Strike 1-1: Foul Ball, location: 2F 1-2: Ball 2-2: Fielders Choice at 2nd, 4-6 (Groundball, 4)
|
Batting: RHB José Antonio Delgado
|
0-0: Ball 1-0: Called Strike 1-1: Called Strike 1-2: Ball 2-2: Strikes out swinging
|
Pitching: RHP Richard Manley
|
|
Batting: RHB Francis Land
|
0-0: Called Strike 0-1: SINGLE (Line Drive, 6MD) Gabriel Aragón to second
|
Batting: SHB Jorge Maldonado
|
0-0: Called Strike 0-1: Ball 1-1: Swinging Strike 1-2: Ball 2-2: Strikes out swinging
|
Top of the 7th over - 0 run(s), 2 hit(s), 0 error(s), 2 left on base; Cincinnati 4 - Barry's Bay 0 |
BOTTOM OF THE 7TH |
Barry's Bay Orioles batting - Pitching for Cincinnati Pride : RHP Roberto Cordero
|
Batting: RHB Jason Ward
|
0-0: Called Strike 0-1: Ball 1-1: Swinging Strike 1-2: Ball 2-2: Foul Ball, location: 2F 2-2: Ball 3-2: Foul Ball, location: 2F 3-2: Strikes out swinging
|
Pitching: RHP Basilio Bea
|
|
Batting: RHB Jake Erickson
|
0-0: Ball 1-0: Ball 2-0: Ball 3-0: Called Strike 3-1: Called Strike 3-2: Base on Balls
|
Batting: RHB Bill Pike
|
0-0: Ball 1-0: Called Strike 1-1: Called Strike 1-2: Fly out, F7 (Flyball, 78M)
|
Batting: RHB Santiago Rivera
|
0-0: SINGLE (Line Drive, 8LS) Jake Erickson to second
|
Batting: RHB Jesús Castillo
|
0-0: Foul Ball, location: 2F 0-1: SINGLE (Groundball, 56D) Jake Erickson to third Santiago Rivera to second Runner from 3rd tries for Home, SAFE, no throw
|
Batting: RHB Guy Morrison
|
0-0: Ball 1-0: Ball 2-0: Ball 3-0: Called Strike 3-1: Foul Ball, location: 2F 3-2: Strikes out swinging
|
Bottom of the 7th over - 1 run(s), 2 hit(s), 0 error(s), 2 left on base; Cincinnati 4 - Barry's Bay 1 |
TOP OF THE 8TH |
Cincinnati Pride batting - Pitching for Barry's Bay Orioles : RHP Richard Manley
|
Batting: RHB Gary Miller
|
0-0: Ball 1-0: DOUBLE (Flyball, 8LM)
|
Batting: RHB Burkhard Bittinger
|
0-0: Intentional Walk
|
Batting: SHB Jaime Martínez
|
0-0: Called Strike 0-1: Hit by Pitch Gary Miller to third Burkhard Bittinger to second
|
Batting: RHB Jorge Silva
|
0-0: Called Strike 0-1: Ball 1-1: Ball 2-1: Called Strike 2-2: Strikes out swinging
|
Pitching: LHP Roberto Galaz
|
|
Batting: LHB John Clark
|
0-0: Ball 1-0: Ball 2-0: Fly out, F7 (Flyball, 7S)
|
Pitching: LHP Bernardo Valero
|
|
Batting: LHB Gabriel Aragón
|
0-0: Swinging Strike 0-1: Ball 1-1: Foul Ball, location: 2F 1-2: Foul Ball, location: 2F 1-2: Ball 2-2: Strikes out swinging
|
Top of the 8th over - 0 run(s), 1 hit(s), 0 error(s), 3 left on base; Cincinnati 4 - Barry's Bay 1 |
BOTTOM OF THE 8TH |
Barry's Bay Orioles batting - Pitching for Cincinnati Pride : RHP Basilio Bea
|
Batting: LHB Manuel Pérez
|
0-0: Ball 1-0: Ball 2-0: Ball 3-0: Base on Balls
|
Pitching: LHP Josh Wall
|
|
Batting: LHB Ryan Rheaume
|
0-0: Fielders Choice at 2nd, 4-6 (Groundball, 4)
|
Pitching: RHP José Bruschy
|
|
Batting: RHB Tomás Díaz
|
0-0: Ball 1-0: Swinging Strike 1-1: Ball 2-1: Foul Ball, location: 2F 2-2: Fly out, F5 (Popup, 5D)
|
Batting: RHB Jason Ward
|
0-0: SINGLE (Line Drive, 6M) Ryan Rheaume to second
|
Batting: RHB Jake Erickson
|
0-0: Ball 1-0: Foul Ball, location: 2F 1-1: Ball 2-1: Called Strike 2-2: Fly out, F7 (Flyball, 7D)
|
Bottom of the 8th over - 0 run(s), 1 hit(s), 0 error(s), 2 left on base; Cincinnati 4 - Barry's Bay 1 |
TOP OF THE 9TH |
Cincinnati Pride batting - Pitching for Barry's Bay Orioles : LHP Bernardo Valero
|
Batting: RHB José Antonio Delgado
|
0-0: Ball 1-0: Called Strike 1-1: Ball 2-1: Ball 3-1: Called Strike 3-2: SINGLE (Groundball, 56D)
|
Batting: RHB Francis Land
|
0-0: Ball 1-0: Foul Ball, location: 2F 1-1: Swinging Strike Balk! José Antonio Delgado to second 1-2: Strikes out swinging
|
Batting: SHB Jorge Maldonado
|
0-0: Intentional Walk
|
Batting: RHB Gary Miller
|
0-0: Called Strike 0-1: Ball 1-1: Called Strike 1-2: Fly out, F6 (Line Drive, 6MD)
|
Batting: RHB Burkhard Bittinger
|
0-0: Foul Ball, location: 2F 0-1: Ball 1-1: Foul Ball, location: 2F 1-2: Ball 2-2: Foul Ball, location: 2F 2-2: Strikes out swinging
|
Top of the 9th over - 0 run(s), 1 hit(s), 0 error(s), 2 left on base; Cincinnati 4 - Barry's Bay 1 |
BOTTOM OF THE 9TH |
Barry's Bay Orioles batting - Pitching for Cincinnati Pride : RHP José Bruschy
|
Pitching: RHP Lyle Scalise
|
|
Batting: RHB Bill Pike
|
0-0: SINGLE (Groundball, 6MD)
|
Batting: RHB Santiago Rivera
|
0-0: Ball 1-0: Called Strike 1-1: Ball 2-1: SINGLE (Groundball, 56) (infield hit) Bill Pike to second
|
Batting: RHB Jesús Castillo
|
0-0: Called Strike 0-1: Ball 1-1: Fly out, F9 (Flyball, 9LS)
|
Batting: RHB Guy Morrison
|
0-0: Ball 1-0: Ball 2-0: Ball 3-0: Swinging Strike 3-1: Base on Balls Bill Pike to third Santiago Rivera to second
|
Batting: LHB Manuel Pérez
|
0-0: Fly out, F6 (Line Drive, 6)
|
Pinch Hitting: SHB Terry Christian
|
0-0: Ball 1-0: Called Strike 1-1: Ball 2-1: Ball 3-1: Called Strike 3-2: Strikes out looking
|
Bottom of the 9th over - 0 run(s), 2 hit(s), 0 error(s), 3 left on base; Cincinnati 4 - Barry's Bay 1 |
|